 Dungeon Crawl Stone Soup version 0.19.5 (webtiles) character file.

20094 Trixie the Basher (level 12, -10/112 HPs)
             Began as a Minotaur Berserker on Mar 6, 2017.
             Was a High Priest of Trog.
             Killed from afar by an orc sorcerer (15 damage)
             ... with a bolt of negative energy
             ... on level 1 of the Abyss on Mar 7, 2017.
             The game lasted 00:41:18 (13221 turns).

Trixie the Basher (Minotaur Berserker)             Turns: 13221, Time: 00:41:19

Health: -10/112    AC: 25    Str: 23    XL:     12   Next: 42%
Magic:  11/11      EV:  7    Int:  4    God:    Trog [*****.]
Gold:   297        SH: 14    Dex: 14    Spells: 0 memorised, 11 levels left

rFire  . . .     SeeInvis .     v - +2 flail (drain)
rCold  . . .     Gourm    .     B - +2 plate armour
rNeg   . . .     Faith    .     W - +0 large shield
rPois  .         Spirit   .     (helmet restricted)
rElec  .         Reflect  .     V - +0 cloak of the Dice {MR+}
rCorr  +         Harm     .     (no gloves)
MR     +++..                    (no boots)
Stlth  ..........               (no amulet)
                                S - ring of resist corrosion
                                O - +6 ring of protection

@: very slightly contaminated, regenerating, hasted, drained, very quick
A: retaliatory headbutt, horns 2
a: Berserk, Trog's Hand, Brothers in Arms, Burn Spellbooks, Renounce Religion


You were on level 1 of the Abyss.
You worshipped Trog.
Trog was extremely pleased with you.
You were not hungry.

You visited 4 branches of the dungeon, and saw 15 of its levels.
You visited the Abyss 1 time.
You visited 1 bazaar.

You collected 667 gold pieces.
You spent 370 gold pieces at shops.

Inventory:

Hand Weapons
 a - a +1 mace
 j - a +0 whip of freezing
 v - a +2 flail of draining (weapon)
 P - a +7 shortbow of flaming
Armour
 B - a +2 plate armour (worn)
 V - the +0 cloak of the Dice (worn) {MR+}
   (You bought it in a shop in a bazaar)

   It affects your resistance to hostile enchantments.
 W - a +0 large shield (worn)
Rods
 F - a +0 rod of clouds (10/10)
   (You found it on level 8 of the Dungeon)
Jewellery
 g - an uncursed amulet of rage
 q - a +3 ring of strength
 H - a +2 ring of protection
 L - an uncursed amulet of regeneration
 O - a +6 ring of protection (left hand)
 Q - a +1 ring of evasion
 S - a ring of resist corrosion (right hand)
 Z - an uncursed ring of ice
Wands
 h - a wand of flame (16/48)
 m - a wand of random effects (28/48)
 x - a wand of lightning (14/15)
 y - a wand of polymorph (12/24)
 E - a wand of lightning (10/15)
 K - a wand of flame (25/48)
 T - a wand of polymorph (11/24)
Scrolls
 e - 3 scrolls of magic mapping
 i - a scroll of noise {unknown}
 l - 3 scrolls of teleportation
 o - 2 scrolls of identify
 z - 6 scrolls of remove curse
 A - 3 scrolls of amnesia {unknown}
 M - 2 scrolls of fog {unknown}
 N - 2 scrolls of recharging
 X - 2 scrolls of random uselessness {unknown}
Potions
 b - a potion of berserk rage {unknown}
 d - 2 potions of haste
 f - 3 potions of curing {unknown}
 n - a potion of brilliance {unknown}
 p - a potion of agility {unknown}
 r - 2 potions of ambrosia {unknown}
 s - 2 potions of might {unknown}
 t - 2 potions of magic {unknown}
 u - 2 potions of mutation {unknown}
 w - a potion of invisibility {unknown}
 D - 3 potions of lignification {unknown}
 G - 3 potions of flight {unknown}
 J - 2 potions of degeneration {unknown}
Comestibles
 c - 11 bread rations
 k - 5 meat rations
 I - a beef jerky
 R - 4 fruits
 U - a slice of pizza


   Skills:
 + Level 11.9(11.2) Fighting
 - Level 14.2(13.6) Maces & Flails
 + Level 13.1(12.5) Armour
 + Level 9.2(8.6) Dodging
 + Level 2.8(2.3) Shields


You had 11 spell levels left.
You didn't know any spells.

Dungeon Overview and Level Annotations

Branches:
Dungeon (11/15)            Temple (1/1) D:6            Lair (2/6) D:11
 Shoals (1/4) Lair:2          Orc (0/2) D:9
  Snake: Lair:2-4    Spider: Lair:2-4

Altars:
Dithmenos
Elyvilon
Fedhas
Gozag
Kikubaaqudgha
Makhleb
Nemelex Xobeh
Okawaru
Qazlal
Ru
Sif Muna
Trog
Uskayaw
Yredelemnul
Zin

Shops:
D:4 *   D:5 *   D:6 }

Annotations:
Lair:2 Sonja


Innate Abilities, Weirdness & Mutations

You reflexively headbutt those who attack you in melee.
You have a pair of horns on your head.


Message History

Something smites you!
* * * LOW HITPOINT WARNING * * *
Your skin crawls.
You feel resistant to hostile enchantments.
You feel somewhat more hungry.
The purple very ugly thing stings you but does no damage.
An Executioner comes into view.
You feel yourself speed up.
The Executioner gives a hideous shriek!
The Executioner moves out of view.
The purple very ugly thing basks in the mutagenic energy from its kin and changes!
The purple very ugly thing stings you.
* * * LOW HITPOINT WARNING * * *
You are very lightly contaminated with residual magic.
The blizzard demon gestures at you. The freezing blast misses you.
An orc sorcerer comes into view. It is wielding a dagger.
The orc sorcerer points at you and mumbles some strange words.
The bolt of negative energy hits you!
You feel drained.
You die...

.#. . $..#..# .. ..###
..#..#.#. ...
.....#.##..#. ..#
#ยง#..... ....# ### ..##
#..#.#..# #o..#....
..##.#.# ...# ##....#...
..##.##.#..#.##.@.....#
....#. ...3..#......##.#
..... #.#.u..#..#....#
..3#.#3...X.#u#1#.....#
..#...#...##u#........#
.....#..............#..#
.. u...###..#..#..#...#.
.#####........1#...#.. .
. #..## ........#


You could see 2 very ugly things, an Executioner and an orc sorcerer.

Vanquished Creatures
  A green death (Abyss:1)
  A hydra (Lair:2)
  Fannar (Lair:2)
  A wretched star (Abyss:1)
  An unseen horror (D:11)
  A hill giant (D:10)
  Pikel (D:5)
  An ugly thing (D:11)
  A manticore (Lair:2)
  A guardian serpent (Abyss:1)
  The ghost of sveltemanboy the Changer, a novice VSHu (D:6)
  4 spiny frogs
  5 komodo dragons
  4 rime drakes
  A troll (D:10)
  Grinder (D:4)
  4 slime creatures (D:10)
  2 hippogriffs
  Sigmund (D:5)
  A spriggan (D:10)
  A shadow (Abyss:1)
  3 yaks (D:10)
  A vampire (D:9)
  A hill giant zombie (D:9)
  3 hungry ghosts
  Edmund (D:4)
  2 water moccasins
  Duvessa (D:5)
  3 orc warriors
  3 porcupines
  A sky beast (D:10)
  A slave (D:5)
  A hornet zombie (D:9)
  An ice beast (D:7)
  3 eyes of draining
  2 black bears
  A necrophage (D:10)
  4 ogres
  A phantom (D:9)
  10 centaurs
  4 crocodiles
  16 wolves
  A big kobold (D:7)
  7 bullfrogs
  A gnoll sergeant (D:7)
  Dowan (D:5)
  2 scorpions
  6 killer bees (D:9)
  4 wights (D:6)
  7 howler monkeys
  4 jellies
  2 crimson imps (D:6)
  A quasit (D:9)
  2 centaur zombies
  6 orc priests
  7 orc wizards
  Crazy Yiuf (D:7)
  A bullfrog skeleton (D:5)
  5 hounds
  2 centaur skeletons
  Natasha (twice) (D:2)
  An iguana (D:6)
  8 worker ants
  A small abomination (Abyss:1)
  5 ogre zombies (D:9)
  A hound skeleton (D:9)
  A hound zombie (D:6)
  11 adders
  4 gnolls (D:7)
  3 shadow imps
  4 adder skeletons
  2 worms
  3 dart slugs
  3 leopard geckos
  39 orcs
  3 giant cockroaches
  6 goblins
  10 hobgoblins
  3 jackals (D:8)
  5 quokkas
  3 ball pythons
  12 bats
  6 frilled lizards
  5 goblin zombies (D:9)
  A hobgoblin skeleton (D:9)
  2 hobgoblin zombies (D:9)
  A jackal skeleton (D:5)
  16 kobolds
  A leopard gecko zombie (D:6)
  3 orc skeletons (D:9)
  8 orc zombies (D:9)
  A quokka skeleton (D:5)
  31 rats
  2 rat zombies (D:6)
  2 plants (D:11)
367 creatures vanquished.

Vanquished Creatures (others)
  A howler monkey zombie (D:5)
  3 orcs
  4 fungi
  A plant (D:11)
9 creatures vanquished.

Grand Total: 376 creatures vanquished

Notes
Turn   | Place    | Note
-------+----------+-------------------------------------------
     0 | D:1      | Trixie the Minotaur Berserker began the quest for the Orb.
     0 | D:1      | Reached XP level 1. HP: 19/19 MP: 0/0
    57 | D:1      | Reached XP level 2. HP: 12/27 MP: 1/1
   639 | D:1      | Reached skill level 4 in Maces & Flails
   840 | D:1      | Reached ** piety under Trog
   945 | D:1      | Reached XP level 3. HP: 30/33 MP: 2/2
  1164 | D:2      | Noticed Natasha
  1172 | D:2      | Killed Natasha
  1275 | D:2      | Reached XP level 4. HP: 40/40 MP: 3/3
  1403 | D:2      | Noticed Natasha
  1405 | D:2      | Killed Natasha
  1633 | D:2      | Reached *** piety under Trog
  1645 | D:2      | Reached XP level 5. HP: 41/47 MP: 4/4
  2021 | D:3      | Found a blossoming altar of Fedhas.
  2132 | D:3      | Reached skill level 5 in Fighting
  2419 | D:3      | Noticed an ogre
  2425 | D:3      | Killed an ogre
  2425 | D:3      | Reached skill level 5 in Maces & Flails
  2425 | D:3      | Reached XP level 6. HP: 56/56 MP: 5/5
  2517 | D:3      | Found a faded altar of an unknown god.
  2517 | D:3      | Found a faded altar of an unknown god.
  2522 | D:3      | Found a faded altar of an unknown god.
  2528 | D:3      | Found a basalt altar of Yredelemnul.
  2529 | D:3      | Found a faded altar of an unknown god.
  2663 | D:4      | Noticed Edmund
  2670 | D:4      | Killed Edmund
  2670 | D:4      | Reached skill level 6 in Maces & Flails
  2739 | D:4      | Reached skill level 7 in Maces & Flails
  2934 | D:4      | Noticed Grinder
  2937 | D:4      | Paralysed by Grinder for 6 turns
  2946 | D:4      | Paralysed by Grinder for 5 turns
  2949 | D:4      | HP: 4/84 [Grinder (3)]
  2953 | D:4      | Killed Grinder
  2953 | D:4      | Reached skill level 8 in Maces & Flails
  2953 | D:4      | Reached XP level 7. HP: 5/61 MP: 6/6
  3131 | D:5      | Entered Level 5 of the Dungeon
  3131 | D:5      | Noticed Dowan
  3133 | D:5      | Noticed Duvessa
  3606 | D:4      | Found Zapsitsa's Assorted Antiques.
  3795 | D:4      | Reached **** piety under Trog
  3892 | D:4      | Reached skill level 9 in Maces & Flails
  3918 | D:5      | Found Tucyiqam's General Store.
  4140 | D:5      | Killed Duvessa
  4140 | D:5      | Reached skill level 5 in Dodging
  4144 | D:5      | Killed Dowan
  4144 | D:5      | Reached XP level 8. HP: 68/68 MP: 7/7
  4223 | D:5      | Reached skill level 5 in Armour
  4274 | D:5      | Found a deep blue altar of Sif Muna.
  4294 | D:5      | Noticed Pikel
  4312 | D:5      | Killed Pikel
  4348 | D:5      | Found a shadowy altar of Dithmenos.
  4552 | D:5      | Received a gift from Trog
  4631 | D:5      | Found a burning altar of Makhleb.
  4632 | D:5      | Found a sparkling altar of Nemelex Xobeh.
  4632 | D:5      | Found an iron altar of Okawaru.
  4633 | D:5      | Found a white marble altar of Elyvilon.
  4668 | D:5      | Noticed Sigmund
  4677 | D:5      | Killed Sigmund
  4807 | D:5      | Reached XP level 9. HP: 74/74 MP: 8/8
  5195 | D:6      | Found a staircase to the Ecumenical Temple.
  5449 | D:6      | Reached ***** piety under Trog
  5524 | D:6      | Found a hide-covered altar of Uskayaw.
  5872 | D:6      | Found Ucsassar's Gadget Boutique.
  5980 | D:6      | Reached skill level 10 in Armour
  6023 | D:6      | Noticed sveltemanboy's ghost (novice VSHu)
  6031 | D:6      | Killed sveltemanboy's ghost
  6036 | Temple   | Entered the Ecumenical Temple
  6301 | D:6      | Found a bloodstained altar of Trog.
  6573 | D:7      | Reached XP level 10. HP: 81/81 MP: 9/9
  6726 | D:7      | Found a runed door.
  6908 | D:8      | Reached skill level 10 in Maces & Flails
  7046 | D:7      | Received a gift from Trog
  7592 | D:7      | Noticed Crazy Yiuf
  7599 | D:7      | Killed Crazy Yiuf
  8356 | D:9      | Reached skill level 11 in Maces & Flails
  8564 | D:9      | Found a staircase to the Orcish Mines.
  8574 | D:9      | Received a gift from Trog
  8684 | D:9      | Found a sparkling altar of Nemelex Xobeh.
  8931 | D:9      | Reached skill level 12 in Maces & Flails
  9078 | D:9      | Found an ancient bone altar of Kikubaaqudgha.
  9277 | D:10     | Entered Level 10 of the Dungeon
  9825 | D:10     | Reached skill level 13 in Maces & Flails
  9825 | D:10     | Reached XP level 11. HP: 86/92 MP: 1/10
  9999 | D:10     | Noticed a hill giant
 10011 | D:10     | Killed a hill giant
 10284 | D:11     | Found a flickering gateway to a bazaar.
 10293 | Bazaar   | Entered a bazaar
 10293 | Bazaar   | Found Waxiadod's Weapon Boutique.
 10293 | Bazaar   | Found Emmoegea's Antique Armour Shop.
 10293 | Bazaar   | Found Ledaff's Antique Weapon Shop.
 10312 | Bazaar   | Bought a steaming cloak for 370 gold pieces
 10312 | Bazaar   | Identified the +0 cloak of the Dice {MR+} (You bought it in a shop in a bazaar)
 10468 | D:11     | Found a staircase to the Lair.
 10483 | D:11     | Noticed a white ugly thing
 10493 | D:11     | Killed a white ugly thing
 10501 | D:11     | Reached skill level 14 in Maces & Flails
 10524 | D:11     | Killed an unseen horror
 10786 | Lair:1   | Entered Level 1 of the Lair of Beasts
 10896 | Lair:1   | Received a gift from Trog
 11035 | Lair:1   | Reached skill level 10 in Fighting
 11719 | Lair:2   | Noticed Fannar
 11739 | Lair:2   | Killed Fannar
 11851 | Lair:2   | Reached XP level 12. HP: 61/108 MP: 11/11
 12287 | Lair:2   | Noticed a seven-headed hydra
 12307 | Lair:2   | Killed a seven-headed hydra
 12485 | Lair:2   | Found a staircase to the Shoals.
 12516 | Shoals:1 | Entered Level 1 of the Shoals
 12527 | Lair:2   | Reached skill level 1 in Shields
 12565 | Lair:2   | Noticed Sonja
 12940 | Lair:2   | Cast into level 1 of the Abyss (Sonja)
 13134 | Abyss:1  | Noticed a green death
 13142 | Abyss:1  | Killed a green death
 13145 | Abyss:1  | Noticed a purple very ugly thing
 13145 | Abyss:1  | Noticed a purple very ugly thing
 13160 | Abyss:1  | Noticed a purple very ugly thing
 13213 | Abyss:1  | Noticed a blizzard demon
 13218 | Abyss:1  | Noticed an Executioner
 13218 | Abyss:1  | HP: 3/112 [purple very ugly thing (6)]
 13221 | Abyss:1  | Killed from afar by an orc sorcerer

Skill      XL: |  1  2  3  4  5  6  7  8  9 10 11 12 |
---------------+-------------------------------------+-----
Fighting       | 4 5 8 11 | 11.9
Maces & Flails | 4 5 8 9 13 14 | 14.2
Dodging        | 3 4 5 7 9 |  9.2
Armour         | 3 4 8 10 11 13 | 13.1
Shields        | 2 |  2.8

Action                   |  1- 3 |  4- 6 |  7- 9 | 10-12 || total
-------------------------+-------+-------+-------+-------++-------
Melee: Mace              |    60 |   101 |       |       ||   161
       Headbutt          |     7 |    18 |    54 |   151 ||   230
       Flail             |       |    11 |   240 |   593 ||   844
       Whip              |       |       |    22 |       ||    22
Invok: Berserk           |     1 |     5 |     6 |    14 ||    26
       Trog's Hand       |       |       |       |     1 ||     1
  Use: Scroll            |       |       |    11 |    10 ||    21
       Potion            |       |       |       |     6 ||     6
  Eat: Chunk             |     1 |     6 |    13 |    29 ||    49
       Beef jerky        |       |     1 |     1 |       ||     2
       Royal jelly       |       |     1 |       |       ||     1
       Bread ration      |       |       |     1 |       ||     1
       Fruit             |       |       |       |     6 ||     6
       Meat ration       |       |       |       |     1 ||     1
       Pizza             |       |       |       |     1 ||     1
Armor: Animal skin       |    23 |    14 |       |       ||    37
       Ring mail         |       |     3 |    29 |       ||    32
       Plate armour      |       |       |    60 |   363 ||   423
Dodge: Dodged            |    52 |    80 |   150 |   304 ||   586
Block: Large shield      |       |       |       |    49 ||    49
